 Dungeon Crawl Stone Soup version 0.32-a0-996-gb3226c2 (webtiles) character file.

Game seed: 8047498388023660485

285 Abbadon the Covert (level 6, -3/44 HPs)
             Began as a Gnoll Wanderer on Apr 19, 2024.
             Slain by Edmund
             ... wielding a +2 dire flail of protection
              (6 damage)
             ... on level 4 of the Dungeon on Apr 23, 2024.
             The game lasted 00:26:19 (1740 turns).

Abbadon the Covert (Gnoll Wanderer)                 Turns: 1740, Time: 00:26:19

Health: -3/44      AC:  7    Str: 10    XL:     6   Next: 29%
Magic:  11/11      EV: 11    Int: 11    God:
Gold:   90         SH:  0    Dex: 15    Spells: 10/11 levels left

rFire   . . .        a - +2 falchion
rCold   . . .        (no shield)
rNeg    . . .        j - +0 steam dragon scales
rPois   .            (no helmet)
rElec   .            b - +0 cloak
rCorr   .            t - +0 pair of gloves
SInv    .            (no boots)
Will    .....        u - amulet of magic regeneration
Stlth   ++++         (no ring)
HPRegen 0.27/turn    (no ring)
MPRegen 0.52/turn

%: no passive effects
@: no status effects
A: fangs 1, strong nose, distributed training
a: no special abilities


You were on level 4 of the Dungeon.
You visited 1 branch of the dungeon, and saw 4 of its levels.

You collected 90 gold pieces.

Inventory:

Hand Weapons
 a - a +2 falchion (weapon)
Armour
 b - a +0 cloak (worn)
 d - a +0 ring mail
 j - +0 steam dragon scales (worn)
 t - a +0 pair of gloves (worn)
Magical Staves
 g - a staff of death
 s - a staff of air
Jewellery
 u - an amulet of magic regeneration (around neck)
 v - a ring of positive energy
 w - an amulet of regeneration
Scrolls
 c - 3 scrolls of fog
 f - 2 scrolls of noise {unknown}
 m - a scroll of identify
 o - a scroll of silence {unknown}
 p - a scroll of amnesia {unknown}
 r - a scroll of enchant armour {unknown}
Potions
 e - 2 potions of curing {unknown}
 h - a potion of berserk rage {unknown}
 i - a potion of haste {unknown}
 k - a potion of degeneration {unknown}
 l - a potion of might {unknown}
 n - 3 potions of enlightenment
 q - a potion of resistance {unknown}


   Skills:
 + Level 2.0 Fighting
 + Level 2.0 Short Blades
 + Level 6.8 Long Blades
 + Level 2.0 Axes
 + Level 2.0 Maces & Flails
 + Level 2.0 Polearms
 + Level 2.0 Staves
 + Level 2.0 Ranged Weapons
 + Level 2.0 Throwing
 + Level 2.0 Armour
 + Level 2.0 Dodging
 + Level 8.0 Stealth
 + Level 2.0 Shields
 + Level 2.0 Unarmed Combat
 + Level 3.4 Spellcasting
 + Level 4.1 Conjurations
 + Level 1.5 Hexes
 + Level 1.5 Summonings
 + Level 1.5 Necromancy
 + Level 1.5 Translocations
 + Level 1.5 Fire Magic
 + Level 1.5 Ice Magic
 + Level 1.5 Air Magic
 + Level 1.5 Earth Magic
 + Level 1.5 Alchemy
 + Level 2.2 Invocations
 + Level 2.0 Evocations
 + Level 1.8 Shapeshifting


You had 10 spell levels left.
You knew the following spells:

 Your Spells              Type           Power      Damage    Failure   Level
a - Sting                 Conj/Alch      32%        1d5       8%          1

Your spell library contained the following spells:

 Spells                   Type           Power      Damage    Failure   Level
 Hailstorm                Conj/Ice       8%         3d5       24%         3


Dungeon Overview and Level Annotations

Branches:
Dungeon (4/15)
 Temple: D:4-7

Altars:

Annotations:
D:4 Edmund


Innate Abilities, Weirdness & Mutations

You have very sharp teeth.
Your uncanny sense of smell can sniff out nearby items.
Your experience applies equally to all skills.


Message History

u - an amulet of magic regeneration (around neck)
The amulet throbs as it attunes itself to your body.
Unknown command.
You start resting.
HP restored.
Items here: )) [ ††.
Items here: )) [ ††.
Found a notched brass ring.
Found a blackened jasper amulet.
v - a ring of positive energy Edmund the Younger comes into view.
He is wielding a +2 dire flail of protection.
You see here an amulet of regeneration.
w - an amulet of regeneration Edmund shouts!
Edmund hits you with a +2 dire flail of protection!
You hit Edmund.
Edmund is lightly wounded.
Edmund hits you with a +2 dire flail of protection.
You hit Edmund.
Edmund is lightly wounded.
Edmund hits you with a +2 dire flail of protection.
You hit Edmund but do no damage.
Edmund is lightly wounded.
Edmund hits you with a +2 dire flail of protection!
You hit Edmund but do no damage.
Edmund is lightly wounded.
Edmund hits you with a +2 dire flail of protection.
You hit Edmund.
Edmund is lightly wounded.
Edmund hits you with a +2 dire flail of protection!
* * * LOW HITPOINT WARNING * * *
You slash Edmund!
Edmund is moderately wounded.
Edmund hits you with a +2 dire flail of protection.
* * * LOW HITPOINT WARNING * * *
You barely miss Edmund.
Edmund is moderately wounded.
Edmund hits you with a +2 dire flail of protection.
You die...
Edmund whines, "They better pay attention to me now!"

############
#...@@......
#.##########
#.#.. #.#.#
#.#.#..
#.#.#.#
#.#.#.#
#.#.#.#
#.#.#.######


You could see Edmund.

Vanquished Creatures
  A bombardier beetle (D:4)
  2 orc priests
  Natasha (thrice) (D:2)
  An orc wizard (D:4)
  An adder (D:2)
  9 orcs
  7 bats
  8 endoplasms
  2 giant cockroaches
  3 goblins
  6 hobgoblins
  4 jackals
  5 kobolds
  3 quokkas (D:1)
  6 ball pythons
  2 frilled lizards (D:3)
  5 rats
68 creatures vanquished.

Notes
Turn   | Place    | Note
-------+----------+-------------------------------------------
     0 | D:1      | Abbadon the Gnoll Wanderer began the quest for the Orb.
     0 | D:1      | Abbadon set off with the following items: a +2 falchion, a
                  | +0 cloak, a scroll of fog, a +0 robe; and the following
                  | spell memorised: Sting; and the following spells available
                  | to memorise: Hailstorm.
     0 | D:1      | Reached XP level 1. HP: 13/13 MP: 4/4
   135 | D:1      | Reached XP level 2. HP: 19/19 MP: 5/5
   331 | D:1      | Reached XP level 3. HP: 25/25 MP: 7/7
   599 | D:2      | Reached skill level 1 in Invocations
   637 | D:2      | Reached skill level 1 in Fighting
   637 | D:2      | Reached skill level 1 in Short Blades
   637 | D:2      | Reached skill level 1 in Axes
   637 | D:2      | Reached skill level 1 in Maces & Flails
   637 | D:2      | Reached skill level 1 in Polearms
   637 | D:2      | Reached skill level 1 in Staves
   637 | D:2      | Reached skill level 1 in Ranged Weapons
   637 | D:2      | Reached skill level 1 in Throwing
   637 | D:2      | Reached skill level 1 in Armour
   637 | D:2      | Reached skill level 1 in Dodging
   637 | D:2      | Reached skill level 1 in Shields
   637 | D:2      | Reached skill level 1 in Unarmed Combat
   637 | D:2      | Reached skill level 1 in Evocations
   637 | D:2      | Reached skill level 1 in Shapeshifting
   637 | D:2      | Reached XP level 4. HP: 30/32 MP: 8/8
   800 | D:2      | Reached skill level 1 in Hexes
   800 | D:2      | Reached skill level 1 in Summonings
   800 | D:2      | Reached skill level 1 in Necromancy
   800 | D:2      | Reached skill level 1 in Translocations
   800 | D:2      | Reached skill level 1 in Fire Magic
   800 | D:2      | Reached skill level 1 in Ice Magic
   800 | D:2      | Reached skill level 1 in Air Magic
   800 | D:2      | Reached skill level 1 in Earth Magic
   800 | D:2      | Reached skill level 1 in Alchemy
   910 | D:2      | Noticed Natasha
   925 | D:2      | Killed Natasha
   988 | D:2      | Noticed Natasha
  1003 | D:2      | Killed Natasha
  1004 | D:2      | Reached XP level 5. HP: 23/37 MP: 9/9
  1014 | D:2      | Noticed Natasha
  1022 | D:2      | Killed Natasha
  1099 | D:2      | Upgraded the game from 0.32-a0-938-g40ac7a0 to
                  | 0.32-a0-996-gb3226c2
  1446 | D:4      | Reached skill level 8 in Stealth
  1579 | D:4      | Reached XP level 6. HP: 42/44 MP: 11/11
  1728 | D:4      | Noticed Edmund
  1739 | D:4      | HP: 2/44 [Edmund/+2 dire flail of protection (4)]
  1740 | D:4      | Slain by Edmund

Illustrated notes

Levels and vault maps discovered:
D:1:      tarquinn_simple_flora_water_e, layout_rooms, interstate_on_off
D:2:      layout_basic, uniq_natasha, uniq_sigmund, uniq_terence
D:3:      layout_rooms
D:4:      layout_basic, kennysheep_potato, uniq_robin, uniq_edmund

Skill      XL: |  1  2  3  4  5  6 |
---------------+-------------------+-----
Invocations    | 1 2 |  2.2
Fighting       | 1 2 |  2.0
Short Blades   | 1 2 |  2.0
Axes           | 1 2 |  2.0
Maces & Flails | 1 2 |  2.0
Polearms       | 1 2 |  2.0
Staves         | 1 2 |  2.0
Ranged Weapons | 1 2 |  2.0
Throwing       | 1 2 |  2.0
Armour         | 1 2 |  2.0
Dodging        | 1 2 |  2.0
Shields        | 1 2 |  2.0
Unarmed Combat | 1 2 |  2.0
Spellcasting   | 3 |  3.4
Evocations     | 1 2 |  2.0
Shapeshifting  | 1 |  1.8
Hexes          | 1 |  1.5
Summonings     | 1 |  1.5
Necromancy     | 1 |  1.5
Translocations | 1 |  1.5
Fire Magic     | 1 |  1.5
Ice Magic      | 1 |  1.5
Air Magic      | 1 |  1.5
Earth Magic    | 1 |  1.5
Alchemy        | 1 |  1.5
Conjurations   | 4 |  4.1
Stealth        | 8 |  8.0
Long Blades    | |  6.8

Action                     |  1- 3 |  4- 6 || total
---------------------------+-------+-------++-------
  Melee: Falchion          |    78 |   116 ||   194
         Bite              |     2 |     8 ||    10
    Use: Scroll            |       |     1 ||     1
   Stab: Sleeping          |     5 |     6 ||    11
 Armour: Robe              |    13 |       ||    13
         Steam dragon scal |    52 |    79 ||   131
  Dodge: Dodged            |    45 |    43 ||    88

Table legend: (Time is in decaauts)
 A = Elapsed time spent in this place.
 B = Non-inter-level travel time spent in this place.
 C = Inter-level travel time spent in this place.
 D = Time resting spent in this place.
 E = Time spent auto-exploring this place.
 F = Levels seen in this place.
 G = Mean time per level.
                   A        B        C        D        E       F      G
               +--------+--------+--------+--------+--------+-----+--------+
         Total |   1744 |   1744 |      0 |    299 |      0 |   4 |  436.0 |
       Dungeon |   1744 |   1744 |      0 |    299 |      0 |   4 |  436.0 |
               +--------+--------+--------+--------+--------+-----+--------+

Top non-repeatable levels by time:
     D:1: 590 daAuts
     D:2: 517 daAuts
     D:3: 323 daAuts
     D:4: 313 daAuts
